 Dungeon Crawl Stone Soup version 0.28.0-53-g5a82cb258f (webtiles) character file.

Game seed: 11415239461320000238

11 SanguineChosen the Magician (level 2, 0/24 HPs)
             Began as a Troll Hedge Wizard on June 27, 2022.
             Succumbed to a gnoll's poison
             ... on level 1 of the Dungeon.
             The game lasted 00:03:42 (653 turns).

SanguineChosen the Magician (Troll Hedge Wizard)     Turns: 653, Time: 00:03:42

Health: 0/24       AC:  5    Str: 17    XL:     2   Next: 13%
Magic:  0/4        EV:  9    Int: 10    God:
Gold:   29         SH:  0    Dex:  9    Spells: 4/5 levels left

rFire   . . .      SeeInvis .   a - +0 dagger
rCold   . . .      Faith    .   (no shield)
rNeg    . . .      Spirit   .   b - +1 robe
rPois   .          Reflect  .   c - +0 hat
rElec   .          Harm     .   (no cloak)
rCorr   .          Rampage  .   (gloves unavailable)
Will    .....                   (boots unavailable)
Stlth   +.........              (no amulet)
HPRegen 0.88/turn               (no ring)
MPRegen 0.09/turn               (no ring)

@: lethally poisoned (0 -> -2)
A: large, unfitting armour, claws 3, regeneration 1, shaggy fur 1, tough skin 1
a: no special abilities


You were on level 1 of the Dungeon.
You visited 1 branch of the dungeon, and saw 1 of its levels.

You collected 29 gold pieces.

Inventory:

Hand Weapons
 a - a +0 dagger (weapon)
Armour
 b - a +1 robe (worn)
 c - a +0 hat (worn)
Scrolls
 d - a scroll of fear


   Skills:
 + Level 1.8 Dodging
 + Level 1.0 Stealth
 + Level 2.1 Spellcasting
 + Level 0.8 Conjurations
 + Level 0.6 Summonings
 + Level 0.6 Translocations


You had 4 spell levels left.
You knew the following spells:

 Your Spells              Type           Power      Damage    Failure   Level
a - Magic Dart            Conj           8%         1d3       22%         1

Your spell library contained the following spells:

 Spells                   Type           Power      Damage    Failure   Level
 Slow                     Hex            4%         N/A       30%         1
 Blink                    Tloc           4%         N/A       36%         2
 Call Imp                 Summ           2%         N/A       36%         2
 Conjure Flame            Conj/Fire      1%         6-21      61%         3
 Mephitic Cloud           Conj/Pois/Air  1%         N/A       63%         3
 Animate Dead             Necr           0%         N/A       97%         4
 Haunt                    Necr/Summ      0%         N/A       100%        7
 Infestation              Necr           0%         N/A       100%        8


Dungeon Overview and Level Annotations

Branches:
Dungeon (1/15)

Altars:


Innate Abilities, Weirdness & Mutations

You are too large for most types of armour.
You have claws for hands.
Your natural rate of healing is unusually fast.
You are covered in fur. (AC +1)
You have tough skin. (AC +1)


Message History

The gnoll hits you with a +1 whip of venom.
You are poisoned.
You hit the gnoll.
The gnoll is heavily wounded.
You feel very sick. The gnoll barely misses you.
Aiming: Magic Dart (safe; 22% risk of failure)
Press: ? - help, Q - select action Shift-Dir - straight line, f/p - gnoll
Aim: a gnoll, wielding a +1 whip of venom (heavily wounded, 100% to hit)
The magic dart hits the gnoll.
The gnoll is severely wounded.
You feel very sick. The gnoll barely misses you.
Your magical contamination has completely faded away.
You barely miss the gnoll.
The gnoll is severely wounded.
You feel sick.
The gnoll hits you with a +1 whip of venom.
You are lethally poisoned!
As you read the scroll labelled LEUTZE JUJIKK, it crumbles to dust.
You assume a fearsome visage.
The ball python looks frightened!
The endoplasm looks frightened!
The gnoll looks frightened!
It was a scroll of fear.
* * * LOW HITPOINT WARNING * * *
You feel very sick.
As you read the scroll labelled PUMEYPN TILEO, it crumbles to dust.
It is a scroll of enchant armour.
Your +0 robe glows green for a moment.
* * * LOW HITPOINT WARNING * * *
You feel very sick.
There is a lethal amount of poison in your body!
There is a lethal amount of poison in your body!
There is a lethal amount of poison in your body!
* * * LOW HITPOINT WARNING * * *
You feel sick.
* * * LOW HITPOINT WARNING * * *
You feel sick.
* * * LOW HITPOINT WARNING * * *
You feel sick.
You die...

.....................#
#.####...............#####
#.####...................#
#.#...............(......#
.........................#
#...................#....#
#..................##....#
#.#.......##.....##......#
..##............@##.#....#
..##.....................#
#.##.............#.(...(.#
............##.....##....#
...........#####.#########
.........#... #.#
....#..###.......#
....#..# #####†.##
#......# ..g.


There were no monsters in sight!

Vanquished Creatures
  A bat (D:1)
  An endoplasm (D:1)
  A giant cockroach (D:1)
  2 hobgoblins (D:1)
  A quokka (D:1)
  2 ball pythons (D:1)
  2 frilled lizards (D:1)
10 creatures vanquished.

Notes
Turn   | Place    | Note
-------+----------+-------------------------------------------
     0 | D:1      | SanguineChosen the Troll Hedge Wizard began the quest for
                  | the Orb.
     0 | D:1      | Reached XP level 1. HP: 16/16 MP: 2/2
   373 | D:1      | Reached XP level 2. HP: 24/24 MP: 0/4
   651 | D:1      | HP: 1/24 [poisoned by a gnoll]
   653 | D:1      | Succumbed to a gnoll's poison

Illustrated notes

Levels and vault maps discovered:
D:1:      dpeg_arrival_stone_temple_mockup, layout_rooms,
          hellmonk_ecumenical_altar_arch_garden, chequers_garden

Action                   || total
-------------------------++-------
Melee: Dagger            ||    20
       Punch             ||     1
 Cast: Magic Dart        ||    15
  Use: Scroll            ||     2
Armor: Robe              ||     9
Dodge: Dodged            ||    10
